 Dungeon Crawl Stone Soup version 0.26-a0-658-gbdda728c12 (webtiles) character file.

Game seed: 12777924392101216413

54 tacoguy the Conjurer (level 3, -3/19 HPs)
             Began as a Deep Elf Conjurer on Oct 4, 2020.
             Slain by a hobgoblin
             ... wielding a cursed +0 club
             ... led by Robin
              (4 damage)
             ... on level 2 of the Dungeon.
             The game lasted 00:06:39 (2060 turns).

tacoguy the Conjurer (Deep Elf Conjurer)            Turns: 2060, Time: 00:06:40

Health: -3/19      AC:  3    Str:  4    XL:     3   Next: 66%
Magic:  1/10       EV: 13    Int: 23    God:
Gold:   58         SH:  0    Dex: 13    Spells: 7/10 levels left

rFire    . . .     SeeInvis .   g - +1 spear
rCold    . . .     Faith    .   (no shield)
rNeg     . . .     Spirit   .   a - +0 robe
rPois    .         Reflect  .   b - +0 helmet
rElec    .         Harm     .   (no cloak)
rCorr    .         Rampage  .   (no gloves)
MR       .....                  (no boots)
Stlth    ++........             (no amulet)
HPRegen  0.06/turn              (no ring)
MPRegen  0.12/turn              (no ring)

@: no status effects
A: no striking features
a: no special abilities


You were on level 2 of the Dungeon.
You visited 1 branch of the dungeon, and saw 2 of its levels.

You collected 58 gold pieces.

Inventory:

Hand Weapons
 g - a +1 spear (weapon)
Missiles
 h - 4 datura-tipped darts (quivered)
Armour
 a - a +0 robe (worn)
 b - a +0 helmet (worn)
Jewellery
 f - an uncursed amulet of faith {unknown}
Scrolls
 d - a scroll of teleportation {unknown}
 e - a scroll of blinking {unknown}
Potions
 c - a potion of stabbing {unknown}


   Skills:
 - Level 2.6 Dodging
 - Level 2.5 Stealth
 + Level 4.2 Spellcasting
 + Level 5.2 Conjurations


You had 7 spell levels left.
You knew the following spells:

 Your Spells              Type           Power        Failure   Level
a - Magic Dart            Conj           ####         1%          1
b - Searing Ray           Conj           ####..       1%          2

Your spell library contained the following spells:

 Spells                   Type           Power        Failure   Level
 Dazzling Flash           Conj/Hex       ###...       11%         3
 Fulminant Prism          Conj/Hex       ###.......   34%         4
 Iskenderun's Mystic Bla  Conj/Tloc      ###.....     34%         4


Dungeon Overview and Level Annotations

Branches:
Dungeon (2/15)

Altars:

Annotations:
D:2 Robin


Message History

Press: ? - help, Shift-Dir - straight line, f - goblin, p - hobgoblin
Aim: a goblin, wielding a +0 dagger (severely wounded, strong)
The magic dart hits the goblin.
You kill the goblin!
The hobgoblin hits you with a cursed +0 club.
Things that are here:
a +0 dagger; a goblin corpse The hobgoblin hits you but does no damage.
Robin hits you from afar with a +0 trident.
* * * LOW HITPOINT WARNING * * *
A goblin comes into view. It is wielding a +0 club.
Robin throws the goblin at you!
* * * LOW HITPOINT WARNING * * *
You hit the goblin but do no damage. The goblin closely misses you.
The hobgoblin closely misses you.
You hit the goblin.
The goblin is moderately wounded.
The goblin hits you but does no damage.
The hobgoblin hits you with a cursed +0 club.
You die...

# #.......#
#.##.# #
#.......#
#.##.#
###.......#
#.#..#
...>..#...#
#.#.##
###..##...#
#.#.# #
#.###...# #.#.#
# ### #####
#.#.# #g#.#
#@#.# #g#.#
#g#.#
.#.########.#.#
...)g..g.)..#.#
...##########.#
#.# #.# #.#


You could see Robin, a hobgoblin (strong) and a goblin (strong).

Vanquished Creatures
  An adder (D:2)
  An ooze (D:2)
  2 worms (D:2)
  A leopard gecko (D:1)
  9 bats
  9 hobgoblins
  A kobold (D:1)
  A frilled lizard (D:2)
  5 goblins
  4 rats
34 creatures vanquished.

Notes
Turn   | Place    | Note
-------+----------+-------------------------------------------
     0 | D:1      | tacoguy the Deep Elf Conjurer began the quest for the Orb.
     0 | D:1      | Reached XP level 1. HP: 10/10 MP: 6/6
   276 | D:1      | Reached XP level 2. HP: 15/15 MP: 6/8
   298 | D:1      | Learned a level 2 spell: Searing Ray
  1260 | D:2      | Reached skill level 5 in Conjurations
  1492 | D:2      | Reached XP level 3. HP: 19/19 MP: 3/10
  2046 | D:2      | Noticed Robin
  2060 | D:2      | Slain by a hobgoblin

Illustrated notes

Levels and vault maps discovered:
D:1:      minmay_arrival_diagonal_passages, layout_loops_ring,
          minmay_pentomino_v2
D:2:      minmay_general_purpose_star, layout_basic, nrook_loot_triangle,
          uniq_robin

Skill      XL: |  1  2  3 |
---------------+----------+-----
Conjurations   | 5 |  5.2
Spellcasting   | 4 |  4.2
Dodging        | |  2.6
Stealth        | |  2.5

Action                   || total
-------------------------++-------
Melee: Unarmed           ||     9
       Spear             ||     8
 Cast: Magic Dart        ||    46
       Searing Ray       ||    10
  Use: Scroll            ||     4
       Potion            ||     3
Armor: Robe              ||     9
Dodge: Dodged            ||    19

Table legend: (Time is in decaauts)
 A = Elapsed time spent in this place.
 B = Non-inter-level travel time spent in this place.
 C = Inter-level travel time spent in this place.
 D = Time resting spent in this place.
 E = Time spent auto-exploring this place.
 F = Levels seen in this place.
 G = Mean time per level.
                   A        B        C        D        E       F      G
               +--------+--------+--------+--------+--------+-----+--------+
         Total |   2059 |   1947 |    112 |    710 |   1011 |   2 | 1029.5 |
       Dungeon |   2059 |   1947 |    112 |    710 |   1011 |   2 | 1029.5 |
               +--------+--------+--------+--------+--------+-----+--------+

Top non-repeatable levels by time:
     D:1: 1070 daAuts
     D:2: 989 daAuts
